 Dungeon Crawl Stone Soup version 0.30-a0-469-g84de5afbc5 (webtiles) character file.

Game seed: 15939852016364545733

644 billz999 the Trooper (level 7, -8/54 HPs)
             Began as a Djinni Air Elementalist on Dec 20, 2022.
             Was an Initiate of Gozag.
             Shot with a bolt by an orc warrior (9 damage)
             ... on level 4 of the Dungeon.
             The game lasted 00:12:21 (3627 turns).

billz999 the Trooper (Djinni Air Elementalist)      Turns: 3627, Time: 00:12:21

Health: -8/54      AC:  6    Str:  7    XL:     7   Next: 81%
Gold:   452        EV: 12    Int: 21    God:    Gozag SH:  0 Dex: 13

rFire   + + +      SeeInvis .    f - +0 club (spect)
rCold   . . .      Faith    +    (no shield)
rNeg    . . .      Spirit   .    b - +1 robe of Vugous {Int+2}
rPois   ∞          Reflect  .    g - +2 helmet
rElec   +          Harm     .    (no cloak)
rCorr   +          Rampage  .    (no gloves)
Will    .....                    (boots unavailable)
Stlth   ++........               e - amulet of faith
HPRegen 0.29/turn                (no ring)
MPRegen 0.00/turn                (no ring)

@: mighty, sluggish, resistant, flying, very slow
A: sickness immunity, fire resistance 2, cold vulnerability 1, float, innate
caster, HP casting, extra vitality 1
a: Renounce Religion, Potion Petition, Call Merchant, Bribe Branch


You were on level 4 of the Dungeon.
You worshipped Gozag.
Gozag was aware of your devotion.
You visited 1 branch of the dungeon, and saw 4 of its levels.

You collected 452 gold pieces.

Inventory:

Hand Weapons
 f - a +0 spectral club (weapon)
Armour
 a - a +0 robe
 b - the +1 robe of Vugous (worn) {Int+2}
   (You found it on level 4 of the Dungeon)

   Int:       It affects your intelligence (+2).
 g - a +2 helmet (worn)
Magical Staves
 l - a staff of poison
Jewellery
 e - an amulet of faith (around neck)
Wands
 h - a wand of flame (24)
Scrolls
 m - a scroll of fog {unknown}
 n - a scroll of identify
 o - a scroll of enchant armour {unknown}
Potions
 j - a potion of haste


   Skills:
 - Level 5.5 Fighting
 - Level 2.1 Dodging
 - Level 1.5 Stealth
 + Level 4.8 Spellcasting


You couldn't memorise any spells.
You knew the following spells:

 Your Spells              Type           Power      Damage    Failure   Level
a - Shock                 Conj/Air       100%       1d9       1%          1
b - Static Discharge      Conj/Air       50%        2-5/arc   2%          2
c - Swiftness             Air            25%        N/A       4%          3
d - Airstrike             Air            12%        2d(2-18)  16%         4
e - Magic Dart            Conj           100%       1d8       1%          1
f - Scorch                Fire           50%        2d7       2%          2
g - Ozocubu's Armour      Ice            25%        N/A       4%          3
Your spell library was empty.

Dungeon Overview and Level Annotations

Branches:
Dungeon (4/15)
 Temple: D:4-7

Altars:
Cheibriados
Gozag
Okawaru
Ru
Xom


Innate Abilities, Weirdness & Mutations

You are immune to sickness and miasma.
You are immune to poison.
Your flesh is very heat resistant. (rF++)
You are vulnerable to cold. (rC-)
You float through the air rather than walking.
You learn spells naturally, not from books.
Your magical power is your life essence.
You have superior vitality. (+4 MHP)


Message History

Aiming: Shock (safe; 1% risk of failure)
Press: ? - help, Shift-Dir - straight line The zap misses the orc.
The zap hits the orc.
The orc is heavily wounded.
The orc shouts!
Unknown command.
Casting: Shock (safe; 1% risk of failure)
Confirm with . or Enter, or press ? or * to list all spells.
Aiming: Shock (safe; 1% risk of failure)
Press: ? - help, Shift-Dir - straight line The zap hits the orc.
You kill the orc!
Unknown command.
Unknown command.
You feel sluggish.
An orc warrior is nearby!
Casting: Shock (safe; 1% risk of failure)
Confirm with . or Enter, or press ? or * to list all spells.
Okay, then.
The orc warrior unwields a +0 dire flail.
The orc warrior wields a +0 arbalest.
The orc warrior shoots a bolt.
The bolt hits you!
The orc warrior shoots a bolt.
The bolt hits you!
* * * LOW HITPOINT WARNING * * *
The orc warrior shoots a bolt.
The bolt closely misses you.
You feel very mighty all of a sudden.
The orc warrior shoots a bolt.
The bolt hits you.
* * * LOW HITPOINT WARNING * * *
Okay, then.
Okay, then.
Okay, then.
Okay, then.
Okay, then.
The air fills with toxic fumes!
As you read the scroll labelled QADIUCITEWN, it crumbles to dust.
It was a scroll of poison.
The orc warrior shoots a bolt.
The bolt hits you!
* * * LOW HITPOINT WARNING * * *
You feel protected.
The orc warrior shoots a bolt.
The bolt hits you!
You die...
Your body crumbles into a pile of gold.

.....### #. .#.)## ○. ##...#
#### ###. ##..## ##§§# #..
##..## ###§§§## #.# #...##
##§§§§§§# ###.# ##...#
##§§§§§§§## ##...###.#
#...###§§§§§§§§§###o.........
#
##...##§§§§§@§§§##..##.......
##
##.))#§§§§§§§§##@.#####.....
.# #..§§§§§§§§§§#.### ##..#
## ##.§§§§§§§§§§o## ### #
###§###§§§#### ### #####


You could see an orc warrior.

Vanquished Creatures
  Grinder (D:4)
  Sigmund (D:4)
  A hound (D:2)
  Jessica (D:2)
  Terence (D:3)
  2 orc wizards (D:4)
  Robin (D:2)
  4 adders
  2 worms (D:2)
  A dart slug (D:3)
  14 orcs
  4 bats
  8 endoplasms
  3 giant cockroaches
  12 goblins
  5 hobgoblins
  10 jackals
  2 quokkas
  5 ball pythons
  2 frilled lizards
  6 kobolds
  5 rats
91 creatures vanquished.

Notes
Turn   | Place    | Note
-------+----------+-------------------------------------------
     0 | D:1      | billz999 the Djinni Air Elementalist began the quest for
                  | the Orb.
     0 | D:1      | billz999 set off with the following spells memorised:
                  | Shock, Static Discharge, Swiftness, Airstrike.
     0 | D:1      | Reached XP level 1. HP: 15/15 MP: 0/0
   169 | D:1      | Reached XP level 2. HP: 19/21 MP: 0/0
   699 | D:2      | Reached XP level 3. HP: 24/25 MP: 0/0
   699 | D:2      | Learned a level 1 spell: Magic Dart
   713 | D:2      | Reached XP level 4. HP: 23/31 MP: 0/0
   969 | D:2      | Noticed Robin
   975 | D:2      | Killed Robin
  1098 | D:2      | Reached skill level 1 in Fighting
  1152 | D:2      | Noticed Jessica
  1157 | D:2      | Killed Jessica
  1158 | D:2      | Reached XP level 5. HP: 27/38 MP: 0/0
  1158 | D:2      | Learned a level 2 spell: Scorch
  1222 | D:2      | Reached skill level 2 in Fighting
  1246 | D:2      | Found a faded altar of an unknown god.
  1339 | D:2      | Prayed at the altar of an unknown god.
  1339 | D:2      | Became a worshipper of Gozag Ym Sagoz the Greedy
  2314 | D:3      | Noticed Terence
  2424 | D:3      | Found an iron altar of Okawaru.
  2424 | D:3      | Found a shimmering altar of Xom.
  2433 | D:3      | Found a snail-covered altar of Cheibriados.
  2439 | D:3      | Found an opulent altar of Gozag.
  2444 | D:3      | Found a sacrificial altar of Ru.
  2659 | D:3      | Reached skill level 3 in Fighting
  2791 | D:3      | Killed Terence
  2792 | D:3      | Reached XP level 6. HP: 39/46 MP: 0/0
  3052 | D:4      | Reached skill level 4 in Fighting
  3090 | D:4      | Noticed Grinder
  3107 | D:4      | Paralysed by Grinder for 5 turns
  3131 | D:4      | Paralysed by Grinder for 4 turns
  3138 | D:4      | Killed Grinder
  3139 | D:4      | Reached skill level 5 in Fighting
  3139 | D:4      | Reached XP level 7. HP: 5/54 MP: 0/0
  3139 | D:4      | Learned a level 3 spell: Ozocubu's Armour
  3346 | D:4      | Identified the +1 robe of Vugous {Int+2}
  3598 | D:4      | Noticed Sigmund
  3617 | D:4      | Killed Sigmund
  3626 | D:4      | HP: 1/54 [orc warrior/bolt (7)]
  3627 | D:4      | Shot with a bolt by an orc warrior

Illustrated notes

Levels and vault maps discovered:
D:1:      lightli_iron_boxes, layout_basic
D:2:      layout_basic, shapermc_ecumenical_altar_venn, uniq_jessica, uniq_robin
D:3:      layout_basic, nicolae_overflow_hallway_of_the_gods,
          nicolae_eternal_life, uniq_terence
D:4:      cheibrodos_barr_body, layout_cave_pods, grunt_qazlal_clouds,
          uniq_sigmund, uniq_grinder, uniq_menkaure

Skill      XL: |  1  2  3  4  5  6  7 |
---------------+----------------------+-----
Spellcasting   | 3 4 |  4.8
Fighting       | 1 3 5 |  5.5
Dodging        | |  2.1
Stealth        | |  1.5

Action                   |  1- 3 |  4- 6 |  7- 9 || total
-------------------------+-------+-------+-------++-------
Melee: Unarmed           |     1 |       |       ||     1
       Club              |       |    12 |     6 ||    18
 Cast: Shock             |    38 |   115 |    26 ||   179
       Static Discharge  |     1 |    16 |       ||    17
       Magic Dart        |     1 |     9 |       ||    10
       Swiftness         |       |     3 |     1 ||     4
       Scorch            |       |     3 |     2 ||     5
       Ozocubu's Armour  |       |       |     3 ||     3
  Use: Scroll            |     1 |     2 |     1 ||     4
       Potion            |       |     5 |     2 ||     7
 Stab: Sleeping          |     1 |     3 |       ||     4
Armor: Robe              |     1 |     6 |     8 ||    15
       Skin              |       |     2 |       ||     2
Dodge: Dodged            |     8 |    22 |    19 ||    49

Table legend: (Time is in decaauts)
 A = Elapsed time spent in this place.
 B = Non-inter-level travel time spent in this place.
 C = Inter-level travel time spent in this place.
 D = Time resting spent in this place.
 E = Time spent auto-exploring this place.
 F = Levels seen in this place.
 G = Mean time per level.
                   A        B        C        D        E       F      G
               +--------+--------+--------+--------+--------+-----+--------+
         Total |   3614 |   3514 |    100 |    443 |   2558 |   4 |  903.5 |
       Dungeon |   3614 |   3514 |    100 |    443 |   2558 |   4 |  903.5 |
               +--------+--------+--------+--------+--------+-----+--------+

Top non-repeatable levels by time:
     D:2: 1093 daAuts
     D:3: 1020 daAuts
     D:1: 786 daAuts
     D:4: 714 daAuts
